AoeStats
← Malik Bhai

Golden Pit

507629462Analyzed
1v1 RM · 13d ago on Sep 19, 2026· 30m 59s· 2 players
Game mode
Random Map
Map size
Tiny (2 player)
Population
200
Speed
Normal
Resources
Standard
Victory
Conquest
Starting age
Dark Age
Ending age
Imperial Age
RankedLock teamsTeams togetherTeam positionsShared explorationLock speedFull tech treeHidden civsTurbo modeCheats
Victory
Defeat
🇨🇦 Vikings · Canada
1805
+15
🇵🇰 Chinese · Pakistan
1775
-15
Malik Bhai
0:25 Loom
8:48 Feudal Age
12:26 Fletching
14:15 Double-Bit Axe
21:01 Castle Age
20:13 Padded Archer Armor
20:12 Horse Collar
21:11 Scale Mail Armor
21:22 Forging
22:19 Chain Mail Armor
cornonjakobe
6:13 Loom
8:35 Feudal Age
9:05 Double-Bit Axe
15:52 Horse Collar
20:00 Castle Age
18:47 Gold Mining
19:22 Fletching
21:02 Bodkin Arrow
21:22 Bow Saw
21:41 Elite Skirmisher
23:30 Town Watch
28:55 Crossbowman
Connection lost

Rejoining the realm…

Still unreachable

The connection could not be restored.

Session expired

The server has moved on; the page needs a fresh start.